[Event "Late-Titled-Tuesday-Blitz-June-25-2024"]
[Site "Chess.com"]
[Date "2024.06.25"]
[Round "9"]
[White "Bkmzzzzz"]
[Black "osielchesslover2011"]
[Result "1-0"]
[WhiteElo "2393"]
[BlackElo "2185"]
[TimeControl "180+1"]
[EndTime "15:44:30 PDT"]
[Termination "Bkmzzzzz won by checkmate"]

1. e4 e5 2. Nf3 Nc6 3. Nc3 Nf6 4. d4 exd4 5. Nd5 d6 6. Nxd4 Be7 7. Bb5 Bd7 8. Nf5 Bxf5 9. exf5 O-O 10. O-O Nxd5 11. Qxd5 Ne5 12. Be2 c6 13. Qe4 Bf6 14.
c4 d5 15. cxd5 cxd5 16. Qb4 d4 17. Rd1 d3 18. Bf1 Qd7 19. Bf4 Qxf5 20. Bxe5 Bxe5 21. Bxd3 Qh5 22. g3 Rad8 23. Qb3 Kh8 24. Bf1 f5 25. Rxd8 Rxd8 26. Qxb7 f4 27. Re1 fxg3 28. hxg3 Bd4 29. Qe4 Bxb2 30. Be2 Qa5 31. Bd3 g6 32. Kg2 Rxd3 33.
Qe8+ Kg7 34. Re7+ Kh6 35. Qf8+ Kh5 36. Rxh7+ Kg4 37. Qf4# 1-0

[Event "Late-Titled-Tuesday-Blitz-June-25-2024"]
[Site "Chess.com"]
[Date "2024.06.25"]
[Round "9"]
[White "Chessmissile07"]
[Black "ValeriyGrinev"]
[Result "1/2-1/2"]
[WhiteElo "2820"]
[BlackElo "2617"]
[TimeControl "180+1"]
[EndTime "15:44:31 PDT"]
[Termination "Game drawn by repetition"]

1. a3 Nf6 2. c4 g6 3. g3 Bg7 4.
Bg2 c5 5. Nc3 Nc6 6. Nf3 O-O 7.
O-O d5 8. cxd5 Nxd5 9. Qc2 b6 10.
Nxd5 Qxd5 11. Ne5 Qxe5 12. Bxc6 Bh3 13. Re1 Rac8 14. Bf3 c4 15. d3 cxd3 16. Qxd3 Rfd8 17. Qa6 Rc2 18. Bf4 Qxb2 19. Rab1 Qd4 20. Qxa7 Qc5 21.
Qxb6 Qxb6 22. Rxb6 Ra2 23. Ra6 Bc3 24. Rc1 Bb2 25.
Rb1 Rxa3 26. Rxa3 Bxa3 27. Bg2 Bxg2 28. Kxg2 Bd6 29. Bh6 Be5 30. Rb7 e6 31. h4 Bg7 32. Bg5 Re8 33. e4 h6 34. Be3 h5 35.
Kf3 Bf6 36. Ke2 Kg7 37. Bf4 Rc8 38. Kf3 Rc3+ 39. Kg2 Rc4 40. Kf3 Rc3+ 41. Ke2 Rc2+ 42. Ke3 Rc3+ 43. Kd2 Ra3 44. Rd7 Ra2+ 45. Ke3 Ra3+ 46.
Ke2 Ra2+ 47. Kf3 Ra3+ 48. Kg2 Kg8 49. Bd6 Rd3 50. f4 Be7 51. Rxe7 Rxd6 52. e5 Rd2+ 53. Kf3 Rd3+ 54. Kf2 Kg7 55. Rb7 Rd2+ 56. Kf3 Rd3+ 57. Kf2 Rd2+ 58. Kf3 Rd3+ 59. Kf2 1/2-1/2

[Event "Late-Titled-Tuesday-Blitz-June-25-2024"]
[Site "Chess.com"]
[Date "2024.06.25"]
[Round "9"]
[White "talaicito"]
[Black "WPWPWP-2015"]
[Result "0-1"]
[WhiteElo "2381"]
[BlackElo "2551"]
[TimeControl "180+1"]
[EndTime "15:44:32 PDT"]
[Termination "WPWPWP-2015 won on time"]

1. d4 Nf6 2. Nc3 d5 3. Bf4 c6 4. e3 Bf5 5. Nf3 Nbd7 6. Ne5 e6 7. g4 Nxe5 8. gxf5 Ned7 9. fxe6 fxe6 10. Bh3 Qe7 11.
Qe2 e5 12. dxe5 Nxe5 13. O-O-O Nc4 14. Rd4 Nxb2 15. Kxb2 Qa3+ 16. Kb1 Qxc3 17. Rd3 Qc4 18. Be5 Be7 19. Be6 Qe4 20. Bxf6 Bxf6 21. Bxd5 cxd5 22. Rhd1 O-O 23. f3 Qe5 24. c3 Rae8 25. Qb2 Kh8 26. Qb4 b6 27. f4 Qe4 28. Qb5 Rc8 29. Kb2 Rc5 30. Qd7 h6 31. h4 Qb4+ 0-1

[Event "Late-Titled-Tuesday-Blitz-June-25-2024"]
[Site "Chess.com"]
[Date "2024.06.25"]
[Round "9"]
[White "Eloist"]
[Black "LidongW"]
[Result "1-0"]
[WhiteElo "2453"]
[BlackElo "2335"]
[TimeControl "180+1"]
[EndTime "15:44:33 PDT"]
[Termination "Eloist won by resignation"]

1. e4 e6 2. d4 d5 3. Nd2 Nf6 4. e5 Nfd7 5. c3 c5 6. f4 Nc6 7.
Ngf3 Qb6 8. Nb3 cxd4 9. cxd4 a5 10. a4 Bb4+ 11. Kf2 f6 12. Be3 O-O 13. Bb5 Ne7 14.
g4 Qd8 15. Kg3 h5 16. h3 fxe5 17. dxe5 Nb6 18. Qd3 Nc4 19. Ng5 g6 20. Bc5 h4+ 21. Kg2 Bxc5 22. Nxc5 Qb6 23. Qd4 Nc6 24. Bxc6 Qxc6 25.
b3 Nb6 26. Rac1 Qe8 27. Rhf1 Bd7 28. Ncxe6 Bxe6 29. Qxb6 Bf7 30. e6 Ra6 31. exf7+ Rxf7 32. Qf2 d4 33. Rfe1 Re7 34. Rxe7 Qxe7 35. Rc8+ Kg7 36. Qxd4+ Rf6 37. Qe5 Qb4 38. Ne4 1-0

[Event "Late-Titled-Tuesday-Blitz-June-25-2024"]
[Site "Chess.com"]
[Date "2024.06.25"]
[Round "9"]
[White "Maus7"]
[Black "KoshkaMatrioshka"]
[Result "1-0"]
[WhiteElo "2671"]
[BlackElo "2557"]
[TimeControl "180+1"]
[EndTime "15:44:34 PDT"]
[Termination "Maus7 won by checkmate"]

1. e4 e6 2. d4 d5 3. e5 c5 4. c3 Nc6 5. Nf3 Qb6 6. Bd3 cxd4 7. O-O Bd7 8. Re1 Nge7 9. h4 Rc8 10. Nbd2 dxc3 11. bxc3 Na5 12. Rb1 Qd8 13. Qc2 h6 14. Ba3 Nec6 15. Bxf8 Kxf8 16. Qa4 Qe7 17. Qf4 b6 18.
Re3 Rc7 19. h5 Nb7 20. Nd4 Nxd4 21. cxd4 Na5 22. Rg3 Ba4 23. Rb2 Rg8 24. Nf3 Bd1 25. Bh7 Rh8 26. Bg6 Bxf3 27. Rxf3 Ke8 28. Bd3 Nc4 29. Rc2 Rf8 30. Rg3 Rg8 31. Bh7 Rh8 32. Rxg7 Na5 33. Rxc7 Qxc7 34. Rxf7 Qc3 35. Qf6 Rxh7 36.
Qe7# 1-0

[Event "Late-Titled-Tuesday-Blitz-June-25-2024"]
[Site "Chess.com"]
[Date "2024.06.25"]
[Round "9"]
[White "ATM622"]
[Black "Defenstrator"]
[Result "1-0"]
[WhiteElo "2531"]
[BlackElo "2408"]
[TimeControl "180+1"]
[EndTime "15:44:35 PDT"]
[Termination "ATM622 won by resignation"]

1. d4 Nf6 2. c4 e5 3. dxe5 Ng4 4.
Nf3 Bc5 5. e3 Nc6 6. Nc3 O-O 7.
Be2 Re8 8. O-O Ncxe5 9. Nxe5 Nxe5 10. a3 a5 11. Ne4 Bf8 12. Ng3 Ra6 13. e4 Rae6 14. f4 Bc5+ 15. Kh1 Rh6 16. Nf5 Ng6 17. Nxh6+ gxh6 18. f5 Nh4 19. Bd3 b6 20. Bxh6 Kh8 21.
f6 Bf8 22. Qh5 Ng6 23. Bxf8 Rxf8 24. Qh6 Rg8 25. e5 Bb7 26. Rf2 d6 27. Bxg6 Rxg6 28. Qe3 Qg8 29. Rg1 Rg4 30. e6 Re4 31. exf7 Qxf7 32.
Qh6 Rxc4 33. Re1 Be4 34. b3 Rd4 35. Qe3 c5 36. Rd2 Qd5 37. Rxd4 Bxg2+ 38. Kg1 cxd4 39. Qe8+ 1-0

[Event "Late-Titled-Tuesday-Blitz-June-25-2024"]
[Site "Chess.com"]
[Date "2024.06.25"]
[Round "9"]
[White "ansko1999"]
[Black "Jarming"]
[Result "1/2-1/2"]
[WhiteElo "2602"]
[BlackElo "2712"]
[TimeControl "180+1"]
[EndTime "15:44:36 PDT"]
[Termination "Game drawn by repetition"]

1. Nf3 g6 2. c3 Bg7 3. d4 d6 4. e4 Nd7 5. Nbd2 b6 6. Bd3 Bb7 7. O-O e5 8. Re1 Ne7 9. a4 a5 10. dxe5 Nxe5 11. Nxe5 Bxe5 12. Nf3 Bg7 13. Bb5+ Bc6 14. Bg5 f6 15. Be3 Qd7 16. Nd4 Bxb5 17. axb5 O-O 18. Qb3+ Rf7 19. Qe6 Rd8 20. b4 axb4 21.
cxb4 h5 22. Qxd7 Rxd7 23. Ne6 Kh7 24. Ra8 d5 25. Bf4 dxe4 26. Bxc7 Nd5 27. Bg3 Nxb4 28. h4 Rfe7 29. Rxe4 Nd5 30. Re1 Nc3 31. Rb8 Nxb5 32. Rxb6 Nd4 33. Kf1 Nc2 34. Rc1 Nd4 35. Nxd4 Rxd4 36.
Rbc6 g5 37. hxg5 fxg5 38. f3 Rd2 39. R6c2 Red7 40. Rxd2 Rxd2 41. Be1 Ra2 42. Rc7 Kg8 43. Bc3 Bf8 44. Rd7 Rc2 45. Bf6 g4 46. fxg4 hxg4 47. Rd4 Kf7 48. Bh4 Rc1+ 49. Ke2 Rc2+ 50. Kf1 Rc1+ 51.
Ke2 Rc2+ 52. Kf1 1/2-1/2

[Event "Late-Titled-Tuesday-Blitz-June-25-2024"]
[Site "Chess.com"]
[Date "2024.06.25"]
[Round "9"]
[White "Quattroporte300"]
[Black "GMsKoRPioN"]
[Result "0-1"]
[WhiteElo "2417"]
[BlackElo "2596"]
[TimeControl "180+1"]
[EndTime "15:44:36 PDT"]
[Termination "GMsKoRPioN won on time"]

1. e4 d6 2. d4 g6 3. Nc3 Bg7 4. Nf3 Nf6 5. h3 O-O 6. Bd3 Nc6 7. O-O e5 8. d5 Nd4 9. Be3 Nxf3+ 10. Qxf3 Ne8 11.
Qe2 f5 12. f4 exf4 13. Bxf4 g5 14. Bd2 f4 15. Rae1 Qe7 16. Qh5 Qe5 17. Nd1 Nf6 18. Qe2 Nd7 19. Bc3 Qe7 20. Bxg7 Qxg7 21. c3 Ne5 22.
Kh2 g4 23. Qd2 f3 24. g3 gxh3 25. Ne3 Kh8 26. Nf5 Bxf5 27. exf5 Rae8 28. Bc2 f2 29. Rxf2 Ng4+ 30. Kh1 Nxf2+ 31. Qxf2 Re5 32. Kh2 Rfe8 33.
Rf1 Qf6 34. Bd3 Rxd5 35. Qf3 Rde5 36. Rf2 Re3 37. Qd5 c6 38. Qc4 d5 39. Qb4 Rxd3 40.
Qxb7 Rde3 41. Qxa7 Re2 42. a4 d4 43. Rxe2 Rxe2+ 44. Kxh3 Qxf5+ 45. g4 Re3+ 0-1

[Event "Late-Titled-Tuesday-Blitz-June-25-2024"]
[Site "Chess.com"]
[Date "2024.06.25"]
[Round "9"]
[White "theoneandonlydaaevik"]
[Black "ReinisUz"]
[Result "0-1"]
[WhiteElo "2585"]
[BlackElo "2477"]
[TimeControl "180+1"]
[EndTime "15:44:37 PDT"]
[Termination "ReinisUz won by checkmate"]

1. d4 d5 2. Nf3 c6 3. Bf4 Nf6 4. e3 Bf5 5. Nbd2 e6 6. c4 Bd6 7. Bxd6 Qxd6 8. Qb3 Qe7 9. Be2 O-O 10. O-O b6 11.
cxd5 cxd5 12. Rfc1 Nbd7 13. Ba6 Nb8 14. Be2 Nbd7 15.
a4 Rfc8 16. Ba6 Rxc1+ 17. Rxc1 e5 18. Nxe5 Nxe5 19. dxe5 Qxe5 20. Nf3 Qd6 21. Nd4 Bd7 22. h3 g5 23. Qc2 g4 24. hxg4 Nxg4 25. Nf3 b5 26. axb5 Rb8 27. Qc5 Qe6 28. Qxa7 Rb6 29. Qa8+ Kg7 30. Qd8 h6 31. Nd4 Qe5 32. g3 Rf6 33.
Qxd7 Nxf2 34. Ne2 Qxe3 35. Rc3 Qxe2 36. Qxd5 Nh3+ 37. Kh1 Rf1# 0-1

[Event "Late-Titled-Tuesday-Blitz-June-25-2024"]
[Site "Chess.com"]
[Date "2024.06.25"]
[Round "9"]
[White "prxcess_brownie"]
[Black "dosto07"]
[Result "0-1"]
[WhiteElo "2230"]
[BlackElo "2431"]
[TimeControl "180+1"]
[EndTime "15:44:38 PDT"]
[Termination "dosto07 won on time"]

1. c4 e5 2. Nc3 Nf6 3. Nf3 Nc6 4. g3 Bb4 5. Bg2 Bxc3 6. bxc3 d6 7. O-O Be6 8. d3 Qd7 9. Rb1 b6 10. Qa4 O-O 11. Re1 h6 12. Ba3 Rab8 13. Nd2 Na5 14.
Qxd7 Bxd7 15. d4 Bc6 16. dxe5 Bxg2 17. Kxg2 Ne8 18. exd6 Nxd6 19. c5 Ndc4 20. Nxc4 Nxc4 21. Bc1 bxc5 22. Bf4 Nd6 23. Red1 Rfd8 24. e3 Rb6 25. Kf3 Kf8 26. Rb3 Ke7 27. Rdb1 f6 28. Ke2 g5 29.
Bxd6+ Rdxd6 30. R1b2 Kd7 31. c4 Kc6 32. a4 g4 33. a5 Rxb3 34. Rxb3 Rd8 35. a6 f5 36. Rb7 Ra8 37. e4 Re8 38. Rxa7 Rxe4+ 39. Kf1 Rxc4 40.
Ra8 Ra4 41. Rh8 Rxa6 42. Rxh6+ Kb5 43. Rh5 c4 44. Rxf5+ Kb4 45. Rf4 Rg6 0-1

[Event "Late-Titled-Tuesday-Blitz-June-25-2024"]
[Site "Chess.com"]
[Date "2024.06.25"]
[Round "9"]
[White "Hirna2005"]
[Black "konradrutkowski"]
[Result "1-0"]
[WhiteElo "2386"]
[BlackElo "2500"]
[TimeControl "180+1"]
[EndTime "15:44:40 PDT"]
[Termination "Hirna2005 won by resignation"]

1. e4 c5 2. Nf3 Nc6 3. c3 d5 4. exd5 Qxd5 5. Na3 Nf6 6. Bc4 Qe4+ 7. Be2 Bg4 8. O-O a6 9. Re1 Qd5 10. h3 Bh5 11. Qb3 Qxb3 12. axb3 e6 13. d4 cxd4 14.
Nb5 O-O-O 15. Nbxd4 Nxd4 16. Nxd4 Bxe2 17. Nxe2 Bc5 18. b4 Bb6 19. Ng3 Rd3 20. Bf4 Nd5 21. Bc1 Rxg3 22. c4 Nxb4 23. c5 Bxc5 24. Bd2 Nd3 25.
Rac1 Nxc1 26. Rxc1 Rd3 27. Rxc5+ Kd7 28. Bc3 Rc8 29. Rh5 Rcxc3 30. bxc3 Rxc3 31. Rxh7 a5 32. Rxg7 Ke7 33. Rg5 a4 34. Rb5 Rb3 35. Ra5 b5 36. h4 b4 37. Rxa4 Kf6 38. g3 Kg6 39. Kg2 f5 40. Ra6 Kf6 41. Rb6 Rb2 42. h5 Kg5 43. Rxe6 Kxh5 44. Re5 Kg5 45. Rb5 b3 46. Kh3 Rb1 47. Rb6 Rh1+ 48. Kg2 Rb1 49. f4+ Kg4 50.
Rg6+ Kh5 51. Rg5+ Kh6 52. Rxf5 Rb2+ 53. Kh3 Rc2 54. Rb5 b2 55. Kg4 Kg6 56. Rb6+ Kf7 57. Kg5 Rc5+ 58. f5 Rc3 59. g4 Rc2 60. Rb7+ 1-0

[Event "Late-Titled-Tuesday-Blitz-June-25-2024"]
[Site "Chess.com"]
[Date "2024.06.25"]
[Round "9"]
[White "carloseduar100"]
[Black "katharinareinecke"]
[Result "1-0"]
[WhiteElo "2272"]
[BlackElo "2038"]
[TimeControl "180+1"]
[EndTime "15:44:40 PDT"]
[Termination "carloseduar100 won on time"]

1. g3 d5 2. Bg2 Nf6 3. Nf3 c5 4. O-O Nc6 5. d4 cxd4 6. Nxd4 e6 7. c4 Bc5 8. cxd5 Nxd4 9. dxe6 Nxe6 10. Qb3 Qb6 11.
Qc4 O-O 12. Nc3 Qb4 13. Qd3 Bd7 14. Bg5 Bc6 15. Bxf6 Bxg2 16. Bxg7 Bxf1 17. Bxf8 Bxe2 18. Bxc5 Qxb2 19. Rb1 Bxd3 20. Rxb2 Nxc5 21. Nd5 Kg7 22. f4 b6 23. g4 Rd8 24. Ne3 Be4 25. f5 Rd3 26. Kf2 Ra3 27. Rd2 Nd3+ 28. Kg3 Ne5 29. Kf4 Rxe3 30. Kxe5 Re1 31. Kf4 Bg2 32. h4 Bc6 33. Rd6 Rf1+ 34. Kg5 Be4 35. f6+ Rxf6 36. Rd8 Rg6+ 37. Kf4 1-0

[Event "Late-Titled-Tuesday-Blitz-June-25-2024"]
[Site "Chess.com"]
[Date "2024.06.25"]
[Round "9"]
[White "tarno17"]
[Black "Navyblue1"]
[Result "1-0"]
[WhiteElo "2170"]
[BlackElo "2144"]
[TimeControl "180+1"]
[EndTime "15:44:42 PDT"]
[Termination "tarno17 won on time"]

1. e4 c5 2. Nf3 d6 3. Bb5+ Nd7 4. O-O Nf6 5. Re1 e6 6. Nc3 Be7 7. Ne2 O-O 8. Ng3 a6 9. Bxd7 Bxd7 10. d3 Bc6 11. h3 b5 12. Nh2 e5 13. Nf5 Re8 14. f4 exf4 15. Bxf4 Bf8 16. Qf3 Qd7 17. Rf1 Qxf5 18. exf5 Bxf3 19. Nxf3 Re2 20. Rf2 Rae8 21. Raf1 Nd5 22. Bc1 Rxf2 23. Rxf2 Re1+ 24. Nxe1 Be7 25.
Nf3 Bf6 26. c3 g6 27. Bg5 Bxg5 28. Nxg5 h6 29. Ne4 gxf5 30. Nxd6 f4 31. Rxf4 Nxf4 32. Nf5 Nxd3 33. Nxh6+ Kf8 34. b3 Nc1 35. a4 Nxb3 36.
axb5 axb5 37. Nf5 Nd2 38. Ne3 Ne4 39. Nd5 Kg7 40. g4 Kg6 41. Kg2 1-0

[Event "Late-Titled-Tuesday-Blitz-June-25-2024"]
[Site "Chess.com"]
[Date "2024.06.25"]
[Round "9"]
[White "igorkovalenko"]
[Black "NikitaShnadrygin"]
[Result "1/2-1/2"]
[WhiteElo "2990"]
[BlackElo "2758"]
[TimeControl "180+1"]
[EndTime "15:44:43 PDT"]
[Termination "Game drawn by repetition"]

1. d4 d5 2. Bf4 Nc6 3. e3 Nf6 4.
Nd2 Bf5 5. Ngf3 e6 6. Bb5 Bd6 7. O-O O-O 8. Bg5 h6 9. Bh4 Be7 10. Bxc6 bxc6 11. Ne5 c5 12. Nc6 Qe8 13. Nxe7+ Qxe7 14. dxc5 g5 15. Bg3 Qxc5 16. Rc1 c6 17. Nb3 Qb6 18.
Qd4 Ne4 19. c4 c5 20. Qd1 Rfd8 21. cxd5 exd5 22. f3 Nxg3 23. hxg3 Rac8 24. Rf2 a5 25. g4 Bg6 26. Rd2 a4 27. Na1 d4 28. e4 c4 29. Kh1 a3 30. b3 c3 31. Rd3 h5 32.
gxh5 Bxh5 33. Nc2 Qh6 34. Kg1 g4 35. fxg4 Bg6 36. Nxd4 Bxe4 37. Rdxc3 Rxc3 38. Rxc3 Qb6 39. Rc4 Bd5 40. Ra4 Bc6 41. Rc4 Bd5 42. Ra4 Bc6 43. Rc4 Bd5 1/2-1/2

[Event "Late-Titled-Tuesday-Blitz-June-25-2024"]
[Site "Chess.com"]
[Date "2024.06.25"]
[Round "9"]
[White "anasta10"]
[Black "Sic_Transit_GM"]
[Result "0-1"]
[WhiteElo "2633"]
[BlackElo "2548"]
[TimeControl "180+1"]
[EndTime "15:44:43 PDT"]
[Termination "Sic_Transit_GM won by resignation"]

1. Nf3 d5 2. d4 Nf6 3. c4 e6 4. Nc3 Be7 5. cxd5 exd5 6. Bg5 c6 7.
e3 h6 8. Bf4 Nbd7 9. Bd3 Nh5 10. h3 Nxf4 11. exf4 Nf6 12. Ne5 O-O 13. O-O a5 14.
Qd2 Bd6 15. Rfe1 Bd7 16. a3 Re8 17. Rac1 Qc7 18. Ne2 Ne4 19. Bxe4 dxe4 20. Ng3 f5 21. Nf1 Bxe5 22. fxe5 Be6 23. Ne3 Qf7 24. Qc2 Red8 25. Red1 f4 26. Nc4 Bxc4 27. Qxc4 Rd5 28. Qe2 Qf5 29. Rc4 Rad8 30. b4 axb4 31. Rxb4 f3 32. Qe3 b5 33. Rb3 fxg2 34. Kxg2 Rxe5 35. Kh2 Red5 36. Rg1 Rxd4 37. Qxh6 Qxf2+ 38. Rg2 Qxg2+ 39. Kxg2 gxh6 0-1

[Event "Late-Titled-Tuesday-Blitz-June-25-2024"]
[Site "Chess.com"]
[Date "2024.06.25"]
[Round "9"]
[White "GelmanAlexander"]
[Black "Leebit02"]
[Result "0-1"]
[WhiteElo "2700"]
[BlackElo "2604"]
[TimeControl "180+1"]
[EndTime "15:44:44 PDT"]
[Termination "Leebit02 won on time"]

1. c4 e5 2. e3 Nf6 3. a3 g6 4.
d3 Bg7 5. Nf3 Nc6 6. Nc3 O-O 7.
Be2 d5 8. cxd5 Nxd5 9. Bd2 Be6 10. O-O a5 11. Ne4 a4 12. Nc5 Bc8 13. Nxa4 f5 14. Nc3 Nb6 15. Qc2 Kh8 16. b4 g5 17. b5 Na5 18. g3 Be6 19. Rab1 h6 20. a4 f4 21.
Ne4 Bh3 22. Rfc1 Nd5 23. Qd1 b6 24. Nc3 Ne7 25. Rb4 Nf5 26. exf4 exf4 27. gxf4 g4 28.
Ne5 Bxe5 29. fxe5 Nh4 30. Bxh6 Rg8 31. Bf4 Qe7 32. Nd5 Qf7 33. Nf6 Rg6 34. Re4 Nb7 35. e6 Nf3+ 36. Bxf3 gxf3+ 37. Bg3 Qxf6 38. Rxc7 Nc5 39. Rh4+ Rh6 40. Rxh6+ Qxh6 41. Qa1+ Kg8 0-1

[Event "Late-Titled-Tuesday-Blitz-June-25-2024"]
[Site "Chess.com"]
[Date "2024.06.25"]
[Round "9"]
[White "CoachVadim"]
[Black "MathiasWomacka"]
[Result "0-1"]
[WhiteElo "2402"]
[BlackElo "2519"]
[TimeControl "180+1"]
[EndTime "15:44:44 PDT"]
[Termination "MathiasWomacka won by checkmate"]

1. Nf3 c5 2. g3 Nc6 3. Bg2 g6 4. d4 cxd4 5. Nxd4 Bg7 6. Nxc6 bxc6 7. O-O Nf6 8. c4 O-O 9. Nc3 Rb8 10. Qc2 c5 11. Bf4 d6 12. Rad1 Qb6 13. b3 Bb7 14. Bxb7 Qxb7 15. e4 Ng4 16. Nd5 Ne5 17. Bxe5 Bxe5 18.
f3 e6 19. Nc3 f5 20. exf5 gxf5 21. Kg2 a6 22. Rfe1 Qg7 23. Rd3 f4 24. g4 h5 25. h3 Qg5 26. Ne4 Qh4 27. Qf2 Qe7 28. Red1 Rbd8 29. gxh5 Kh7 30. Kh1 Rg8 31. Rg1 Rxg1+ 32.
Qxg1 Rg8 33. Qf2 Kh6 34. Rd1 Kxh5 35. Rg1 Rxg1+ 36. Qxg1 d5 37. Qg4+ Kh6 38. Nf2 dxc4 39. bxc4 Bd4 40. Qxf4+ Qg5 41. Ng4+ Kg6 42. Qe4+ Kg7 43.
Qxe6 Qc1+ 44. Kh2 Qg1# 0-1

[Event "Late-Titled-Tuesday-Blitz-June-25-2024"]
[Site "Chess.com"]
[Date "2024.06.25"]
[Round "9"]
[White "ALRS-SPS"]
[Black "KNVB"]
[Result "0-1"]
[WhiteElo "2440"]
[BlackElo "2669"]
[TimeControl "180+1"]
[EndTime "15:44:45 PDT"]
[Termination "KNVB won by resignation"]

1. e4 e5 2. Nf3 Nc6 3. Bb5 Qf6 4. c3 Bc5 5. O-O Nge7 6. d3 h6 7. Be3 Bb6 8. Nbd2 d6 9. h3 O-O 10. Nc4 Ng6 11. Nxb6 axb6 12. Kh2 Nf4 13. Bxf4 Qxf4+ 14. g3 Qf6 15. Kg2 Qe6 16. g4 Rxa2 17. Rxa2 Qxa2 18. Qc2 Be6 19. Nh4 Ne7 20. Nf5 Ng6 21. Qd2 Nf4+ 22.
Kh2 c6 23. Bc4 Bxc4 24. dxc4 Qxc4 25. Re1 Rd8 26. Ne3 Qxe4 27. Kg3 h5 28. f3 h4+ 29. Kf2 Nxh3+ 30. Kg2 Nf4+ 31. Kf2 Qd3 32. Rd1 Qxd2+ 33. Rxd2 d5 34. Nf5 g5 35. Nh6+ Kf8 36. Nf5 b5 37. b4 Ra8 38. Nd6 Ra7 39. Nxb7 Rxb7 40. Ra2 Ke7 41.
Ra8 Rd7 42. Ra6 f6 43. Rxc6 d4 44. cxd4 exd4 45. Ke1 d3 46. Kd2 h3 0-1

[Event "Late-Titled-Tuesday-Blitz-June-25-2024"]
[Site "Chess.com"]
[Date "2024.06.25"]
[Round "9"]
[White "protectiago"]
[Black "mostafa_sakha"]
[Result "0-1"]
[WhiteElo "2142"]
[BlackElo "2425"]
[TimeControl "180+1"]
[EndTime "15:44:47 PDT"]
[Termination "mostafa_sakha won on time"]

1. d4 Nf6 2. c4 e6 3. g3 d5 4. Nf3 Bb4+ 5. Bd2 Be7 6. Bg2 O-O 7. O-O Nbd7 8. Qc2 Ne4 9. Nc3 Nxd2 10. Nxd2 c6 11. e4 dxc4 12. Nxc4 Nb6 13. Nxb6 axb6 14. Rad1 Qd6 15. e5 Qb4 16. a3 Qa5 17. Be4 g6 18. h4 b5 19. h5 Kg7 20. Kg2 b4 21. axb4 Qxb4 22. Rh1 Bd7 23. Qd2 Rh8 24. h6+ Kf8 25. Qe2 Rd8 26. Rd2 Be8 27. Qe3 Rd7 28. Bb1 Bd8 29.
Ne4 Bb6 30. Nf6 Rxd4 31. Rxd4 Qxd4 32. Qf3 Qxe5 33. Rd1 Ke7 34. Ne4 c5 35. Ba2 Bc6 36. Re1 f5 37. Qb3 Bxe4+ 38. f3 Bxf3+ 39. Kxf3 Qxe1 40.
Qxb6 Qe4+ 41. Kf2 Qd4+ 42. Kf3 Rd8 43. Qxb7+ Rd7 44. Qb3 c4 45. Qb4+ Kf6 0-1

[Event "Late-Titled-Tuesday-Blitz-June-25-2024"]
[Site "Chess.com"]
[Date "2024.06.25"]
[Round "9"]
[White "HalfIsCrayfish"]
[Black "reevecanada"]
[Result "0-1"]
[WhiteElo "2568"]
[BlackElo "2699"]
[TimeControl "180+1"]
[EndTime "15:44:48 PDT"]
[Termination "reevecanada won by resignation"]

1. d4 Nf6 2. c4 e6 3. Nc3 b6 4.
e4 d6 5. Bd3 Bb7 6. f3 Nbd7 7.
Nge2 g6 8. Bg5 Bg7 9. Qd2 h6 10. Be3 c5 11. d5 Ne5 12. O-O a6 13. h3 Nxd3 14. Qxd3 e5 15. Qd2 g5 16. Ng3 Bc8 17. Nf5 Bxf5 18. exf5 O-O 19. Ne4 Qd7 20. g4 Nxe4 21.
fxe4 Bf6 22. h4 Qe7 23. Kg2 Kg7 24. Rh1 Rh8 25. hxg5 hxg5 26. Rxh8 Rxh8 27. Rh1 Rxh1 28. Kxh1 Qd8 29. Kg2 Be7 30. b4 f6 31. Qe1 Qc7 32.
Kf3 Qd7 33. bxc5 dxc5 34. Qd1 b5 35. Qh1 bxc4 36. Qh5 Qa4 37. Qg6+ Kf8 38. Qh6+ Ke8 39. Qh8+ Kd7 40. Qa8 c3 41. Qb7+ Ke8 42. Qb3 Qxb3 43. axb3 c4 44. b4 Bxb4 45. Ke2 c2 46. Bc1 a5 47.
Bb2 a4 0-1

[Event "Late-Titled-Tuesday-Blitz-June-25-2024"]
[Site "Chess.com"]
[Date "2024.06.25"]
[Round "9"]
[White "GrotBchess"]
[Black "ArchibaldCerveza29"]
[Result "0-1"]
[WhiteElo "2580"]
[BlackElo "2436"]
[TimeControl "180+1"]
[EndTime "15:44:48 PDT"]
[Termination "ArchibaldCerveza29 won by checkmate"]

1. e4 e5 2. Nf3 Nf6 3. d4 Nxe4 4.
Bd3 d5 5. Nxe5 Nd7 6. Nxd7 Bxd7 7. O-O Bd6 8. Nd2 Nxd2 9. Bxd2 O-O 10. Qh5 f5 11. Rae1 g6 12. Qh6 Rf7 13. c4 c6 14.
cxd5 cxd5 15. Bf4 Qf8 16. Qg5 Be7 17. Qg3 Re8 18. Bc2 Bb5 19. Bb3 Bxf1 20. Rxf1 Rd8 21. Qf3 g5 22. Bc7 g4 23. Qc3 Rd7 24. Ba4 Bb4 25.
Bxd7 Bxc3 26. Be6 Bxd4 27. Rd1 Qc5 28. Bg3 Kg7 29. Bxf7 Kxf7 30. h3 gxh3 31. gxh3 f4 32. Bxf4 Bxf2+ 33. Kg2 Bh4 34. Rf1 Kg6 35. Be5 Qc2+ 36.
Kg1 Qd3 37. Bc3 Qg3+ 38. Kh1 Qxh3+ 39. Kg1 Bg5 40. Bd4 Qg4+ 41. Kh1 Qh4+ 42. Kg2 Qxd4 43.
Rf3 Qg4+ 44. Kf2 Qxf3+ 45. Kxf3 h5 46. Kg3 h4+ 47. Kh3 d4 48. Kh2 d3 49. Kh1 d2 50.
Kg2 d1=Q 51. Kh3 Qf3+ 52. Kh2 Bf4+ 53. Kg1 Be3+ 54. Kh2 Qg3+ 55. Kh1 Qg1# 0-1

[Event "Late-Titled-Tuesday-Blitz-June-25-2024"]
[Site "Chess.com"]
[Date "2024.06.25"]
[Round "9"]
[White "Mops_2004"]
[Black "LiemLe"]
[Result "0-1"]
[WhiteElo "2804"]
[BlackElo "3020"]
[TimeControl "180+1"]
[EndTime "15:44:53 PDT"]
[Termination "LiemLe won on time"]

1. e4 c5 2. Nf3 d6 3. d4 cxd4 4. Nxd4 Nf6 5. Nc3 a6 6. Bc4 e6 7. Bb3 Be7 8. g4 h6 9. h4 b5 10. Qf3 Nfd7 11. g5 b4 12. Nce2 Ne5 13. Qg2 h5 14. f4 Ng4 15. f5 e5 16. Bd5 Ra7 17.
Nf3 Nd7 18. g6 fxg6 19. fxg6 Qb6 20. Ng5 Ndf6 21. Bf7+ Kd8 22. Qg1 Qb8 23. Bd2 Rc7 24.
c3 a5 25. Rc1 Qb5 26. cxb4 axb4 27. Rxc7 Kxc7 28. Qa7+ Bb7 29. Ne6+ Kd7 30. Nxg7 Ra8 31. Qg1 Nxe4 32. Be6+ Kc7 33. Bxg4 hxg4 34. Ne6+ Kb8 35. g7 Nf6 36. Bg5 Ng8 37. Bxe7 Nxe7 38. Qxg4 Bxh1 39. Qg5 Ng8 40. Qd8+ Ka7 41. Qxd6 Rc8 42. Nc7 Qb6 43. Qxb6+ Kxb6 0-1

[Event "Late-Titled-Tuesday-Blitz-June-25-2024"]
[Site "Chess.com"]
[Date "2024.06.25"]
[Round "9"]
[White "CFalcons8"]
[Black "Bob_2004"]
[Result "0-1"]
[WhiteElo "2442"]
[BlackElo "2715"]
[TimeControl "180+1"]
[EndTime "15:44:54 PDT"]
[Termination "Bob_2004 won by resignation"]

1. d4 Nf6 2. c4 e6 3. Nf3 d5 4. g3 dxc4 5. Bg2 Bb4+ 6. Bd2 a5 7. O-O b5 8. a4 c6 9. axb5 Bxd2 10. Qxd2 cxb5 11.
Ne5 Ra6 12. Nc3 Qb6 13. d5 O-O 14. Nc6 Kh8 15. Nxb8 Qxb8 16. e4 Nd7 17. f4 Nc5 18. Qd4 Nd3 19. b3 e5 20. fxe5 Nxe5 21. bxc4 Nxc4 22.
Rfb1 Bd7 23. Bf1 Nd6 24. e5 Nf5 25. Qf2 Qxe5 26. Nxb5 Rf6 27. Qc5 Rg8 28. Re1 Qb2 29. Rab1 Qa2 30. Nc3 Qd2 31. Re2 Qh6 32. Qxa5 Rg6 33.
Rg2 Ne3 34. Rf2 Bh3 35. Bxh3 Qxh3 36. Qc5 Nf5 37. Rg2 Nh4 38. Rf2 Rxg3+ 39. hxg3 Qxg3+ 40.
Kf1 Qd3+ 41. Kg1 Qg3+ 42. Kf1 h6 43. Qd4 Re8 44. Re1 Qh3+ 45. Kg1 Rxe1+ 0-1

[Event "Late-Titled-Tuesday-Blitz-June-25-2024"]
[Site "Chess.com"]
[Date "2024.06.25"]
[Round "9"]
[White "Kaustubh_Kodihalli"]
[Black "Aswathchess"]
[Result "0-1"]
[WhiteElo "2455"]
[BlackElo "2755"]
[TimeControl "180+1"]
[EndTime "15:44:56 PDT"]
[Termination "Aswathchess won by resignation"]

1. e4 a6 2. d4 e6 3. Nf3 d5 4. e5 c5 5. c3 Nc6 6. Be2 Bd7 7. O-O Nge7 8. a3 Nf5 9. b4 cxd4 10.
cxd4 Be7 11. Be3 O-O 12. Nc3 Rc8 13. Rc1 f6 14. exf6 Bxf6 15. Qd2 Be8 16. Na4 Qe7 17.
Nc5 Bh5 18. Nb3 Qf7 19. Rfe1 Qg6 20. g3 Bxf3 21. Bxf3 Nfxd4 22. Bxd5 Rcd8 23. Nxd4 Rxd5 24. Rc4 Rfd8 25. Rd1 e5 26. Nxc6 Rxd2 27. Rxd2 Rxd2 28. Bxd2 bxc6 29. Be3 Qd3 30. Rc5 h5 31. h4 Kf7 32.
Kh2 Qe4 33. Kg1 Be7 34. Ra5 Qd3 35. Rxe5 Qxa3 36. Rxh5 Qxb4 37. Rf5+ Ke6 38. Rf4 Qb1+ 39. Kg2 a5 40. Ra4 Qb5 41. Re4+ Kf7 42. Rf4+ Kg8 43.
Rd4 a4 44. Rd7 Bf6 45. Ra7 Qd5+ 46. Kh2 Qc4 47. Ra8+ Kh7 48. h5 Qg4 49. h6 gxh6 50. Ra7+ Kg6 51. Kg2 Qe4+ 52. Kh2 h5 53. Ra6 h4 54.
gxh4 Kh5 55. Ra5+ Kg4 56. h5 Kf3 57. Kg1 Qg4+ 58. Kf1 Bc3 59. Rg5 Qh3+ 60. Kg1 Be5 61. Rg3+ Bxg3 0-1